 Dungeon Crawl Stone Soup version 0.30-a0-719-gcc4359ea44 (webtiles) character file.

Game seed: 15759008853582109269

126 sokol815 the Shooter (level 4, -2/36 HPs)
             Began as a Demigod Hunter on Jan 26, 2023.
             Succumbed to a kobold's poison
             ... on level 3 of the Dungeon.
             The game lasted 00:02:30 (1089 turns).

sokol815 the Shooter (Demigod Hunter)               Turns: 1089, Time: 00:02:31

Health: -2/36      AC:  3    Str: 12    XL:     4   Next: 54%
Magic:  10/10      EV: 12    Int: 11    God:
Gold:   49         SH:  0    Dex: 21    Spells: 7/7 levels left

rFire   . . .      SeeInvis .    a - +0 shortbow
rCold   . . .      Faith    .    (shield currently unavailable)
rNeg    . . .      Spirit   .    i - +0 leather armour
rPois   .          Reflect  .    (no helmet)
rElec   .          Harm     .    (no cloak)
rCorr   .          Rampage  .    (no gloves)
Will    .....                    (no boots)
Stlth   ++                       (no amulet)
HPRegen 0.26/turn                Z - ring of wizardry {Wiz+, !d}
MPRegen 0.12/turn                (no ring)

@: mighty, lethally poisoned (-2 -> -10)
A: high MP 1, forlorn, divine attributes
a: no special abilities


You were on level 3 of the Dungeon.
You visited 1 branch of the dungeon, and saw 3 of its levels.

You collected 49 gold pieces.

Inventory:

Hand Weapons
 a - a +0 shortbow (weapon)
Missiles
 s - 13 stones
Armour
 i - a +0 leather armour (worn)
Jewellery
 c - a ring of ice {rC+, rF-}
   (You found it on level 2 of the Dungeon)
 Z - a ring of wizardry (left hand) {Wiz+, !d}
   (You found it on level 2 of the Dungeon)
Scrolls
 b - a scroll of vulnerability {unknown}
 d - a scroll of identify {unknown}
 e - 4 scrolls of fog {unknown}
 g - a scroll of blinking {unknown}
 j - a scroll of poison {unknown}
 k - a scroll of enchant weapon {unknown}
 l - a scroll of teleportation {unknown}
 n - a scroll of acquirement {unknown}
 K - a scroll of immolation {!r}
Potions
 h - a potion of flight {unknown}
 m - a potion of attraction {unknown}
 M - a potion of might


   Skills:
 - Level 1.7 Fighting
 - Level 4.8 Ranged Weapons
 - Level 1.7 Dodging
 - Level 0.8 Stealth
 * Level 2.4 Spellcasting


You had 7 spell levels left.
You didn't know any spells.
Your spell library contained the following spells:

 Spells                   Type           Power      Damage    Failure   Level
 Ignite Poison            Fire/Tmut/Pois 1%         N/A       38%         3
 Kindle Blastsparks       Fire/Tloc/Air  2%         2d10      38%         3
 Freezing Cloud           Conj/Ice/Air   0%         6-21      98%         5


Dungeon Overview and Level Annotations

Branches:
Dungeon (3/15) Zot: 16869

Annotations:
D:2 Sigmund


Innate Abilities, Weirdness & Mutations

You have an increased reservoir of magic. (+10% MP)
You shall have no god before yourself.
Your divine heritage dramatically boosts your attributes as you level up.


Message History

The ball python closely misses you.
You shoot an arrow. The arrow barely misses the orc wizard.
The orc wizard gestures at you while chanting.
The magic dart hits you.
The ball python bites you but does no damage.
The ball python completely misses you. The orc wizard hits you with a +0 club.
The ball python barely misses you. x2
You take 10 damage, and have 23/36 hp.
MASSIVE DAMAGE!!
Fire: a) +0 shortbow
Aim: an orc wizard, wielding a +0 club and wearing a +0 robe (heavily wounded, 58% to hit)
You shoot an arrow. The arrow hits the orc wizard.
The ball python bites you but does no damage.
The ball python misses you. The orc wizard hits you with a +0 club.
You take 4 damage, and have 19/36 hp.
Fire: a) +0 shortbow
Aim: an orc wizard, wielding a +0 club and wearing a +0 robe (severely wounded, 58% to hit)
You shoot an arrow. The arrow hits the orc wizard!
You kill the orc wizard!
The ball python barely misses you. The ball python grabs you.
The ball python constricts you. The orc misses you. The ball python bites you.
The ball python constricts you.
Your Spellcasting skill increases to level 2!
You take 3 damage, and have 16/36 hp.
You escape the ball python's grasp.
The orc attacks as you move away! The orc hits you with a +0 short sword.
You take 1 damage, and have 15/36 hp.
The ball python attacks as you move away!
The ball python bites you.
You take 2 damage, and have 13/36 hp.
The ball python attacks as you move away!
The ball python barely misses you.
The kobold throws a poisoned dart.
The poisoned dart barely misses you. The orc barely misses you.
Things that are here:
a +0 short sword; a +0 scale mail The ball python attacks as you move away!
The ball python bites you. The ball python closely misses you.
Items here: )) ††.
You take 1 damage, and have 12/36 hp.
The ball python attacks as you move away!
The ball python misses you. The ball python barely misses you.
The ball python closely misses you.
The ball python attacks as you move away!
The ball python closely misses you.
MP restored: 10 A worm comes into view.
The kobold throws a poisoned dart.
The poisoned dart closely misses you.
The ball python bites you but does no damage.
The ball python closely misses you.
The ball python attacks as you move away!
The ball python bites you. The ball python closely misses you.
You take 1 damage, and have 12/36 hp.
The ball python bites you.
* * * LOW HITPOINT WARNING * * *
The ball python misses you.
You take 2 damage, and have 10/36 hp.
The ball python attacks as you move away!
The ball python closely misses you. x2
Fire: a) +0 shortbow
Aim: a ball python (61% to hit)
You shoot an arrow. The arrow hits the ball python.
The ball python bites you.
* * * LOW HITPOINT WARNING * * *
The ball python grabs you. The ball python constricts you.
The ball python barely misses you. The ball python constricts you.
* * * LOW HITPOINT WARNING * * *
You take 3 damage, and have 7/36 hp.
It was a potion of might.
You feel very mighty all of a sudden.
M - a potion of might The ball python barely misses you.
The ball python constricts you.
* * * LOW HITPOINT WARNING * * *
You take 1 damage, and have 6/36 hp.
Okay, then.
Fire: a) +0 shortbow
Aim: a ball python (severely wounded, constricting you, 61% to hit)
You shoot an arrow. The arrow hits the ball python.
You kill the ball python!
Fire: a) +0 shortbow
Aim: an orc, wielding a +0 short sword (64% to hit)
You shoot an arrow. The arrow hits the orc.
The orc hits you with a +0 short sword.
* * * LOW HITPOINT WARNING * * *
The orc hits you with a +0 short sword.
* * * LOW HITPOINT WARNING * * *
You take 5 damage, and have 1/36 hp.
Fire: a) +0 shortbow
Aim: an orc, wielding a +0 short sword (severely wounded, 64% to hit)
You shoot an arrow. The arrow hits the orc!
You kill the orc!
The kobold throws a poisoned dart.
The poisoned dart hits you!
You are lethally poisoned!
The endoplasm hits you but does no damage.
Fire: a) +0 shortbow
Aim: an endoplasm (87% to hit)
You shoot an arrow. The arrow hits the endoplasm!
You kill the endoplasm!
You die...

.~≈≈≈~~~~≈.≈~≈~~~≈≈~ .....##≈#.
~~~≈≈~~~~.~~≈~~.~≈≈≈##....#.~..
#.....~.~..~...#≈≈≈ #.....#.~..
#####..........# #...# .~..
#..........# #w..# #.
#....>.....# ##...### #.
#...÷......# #.†....# #.
#..........# ##......###.
#.........@## ##...........
###########)###.........)).
....................###
....................#
....................#
#######..........####
#..........# #..........#
#..........#


There were no monsters in sight!

Vanquished Creatures
  An orc priest (D:3)
  An orc wizard (D:3)
  2 dart slugs (D:3)
  6 orcs (D:3)
  6 endoplasms
  4 giant cockroaches
  5 goblins
  2 hobgoblins (D:1)
  4 jackals (D:1)
  4 quokkas
  6 ball pythons
  7 bats
  3 frilled lizards (D:1)
  3 kobolds
  7 rats
61 creatures vanquished.

Notes
Turn   | Place    | Note
-------+----------+-------------------------------------------
     0 | D:1      | sokol815 the Demigod Hunter began the quest for the Orb.
     0 | D:1      | Reached XP level 1. HP: 17/17 MP: 3/3
    49 | D:1      | Reached skill level 4 in Ranged Weapons
    72 | D:1      | Reached XP level 2. HP: 24/24 MP: 4/4
   485 | D:1      | Reached XP level 3. HP: 29/29 MP: 5/5
   805 | D:2      | Noticed Sigmund
   941 | D:3      | Reached skill level 1 in Spellcasting
   941 | D:3      | Reached XP level 4. HP: 12/36 MP: 6/9
  1064 | D:3      | Reached skill level 2 in Spellcasting
  1084 | D:3      | HP: 8/36 [ball python (3)]
  1087 | D:3      | HP: 1/36 [orc/+0 short sword (4)]
  1089 | D:3      | Succumbed to a kobold's poison

Illustrated notes

Levels and vault maps discovered:
D:1:      dpeg_arrival_arbitrary_c, layout_basic
D:2:      layout_rooms, basic_altar, minmay_door_square, uniq_sigmund
D:3:      layout_basic, gammafunk_temple_overflow_claw, serial_rivers,
          chequers_serial_rivers_large_a, chequers_serial_rivers_large_b,
          chequers_serial_rivers_small_3, chequers_serial_rivers_micro_a,
          chequers_serial_rivers_micro_a

Skill      XL: |  1  2  3  4 |
---------------+-------------+-----
Ranged Weapons | 4 |  4.8
Spellcasting   | 1 2 |  2.4
Fighting       | |  1.7
Dodging        | |  1.7
Stealth        | |  0.8

Action                     |  1- 3 |  4- 6 || total
---------------------------+-------+-------++-------
   Fire: Shortbow          |   102 |    26 ||   128
    Use: Potion            |       |     1 ||     1
 Armour: Leather armour    |     4 |     5 ||     9
  Dodge: Dodged            |    24 |    28 ||    52

Table legend: (Time is in decaauts)
 A = Elapsed time spent in this place.
 B = Non-inter-level travel time spent in this place.
 C = Inter-level travel time spent in this place.
 D = Time resting spent in this place.
 E = Time spent auto-exploring this place.
 F = Levels seen in this place.
 G = Mean time per level.
                   A        B        C        D        E       F      G
               +--------+--------+--------+--------+--------+-----+--------+
         Total |   1130 |   1121 |      9 |     93 |    757 |   3 |  376.7 |
       Dungeon |   1130 |   1121 |      9 |     93 |    757 |   3 |  376.7 |
               +--------+--------+--------+--------+--------+-----+--------+

Top non-repeatable levels by time:
     D:1: 612 daAuts
     D:3: 278 daAuts
     D:2: 239 daAuts

Table legend:
 A = Kills in this place as a percentage of kills in entire the game.
 B = Kills by you in this place as a percentage of kills by you in the entire game.
 C = Kills by friends in this place as a percentage of kills by friends in the entire game.
 D = Other kills in this place as a percentage of other kills in the entire game.
 E = Experience gained in this place as a percentage of experience gained in the entire game.
 F = Experience gained in this place divided by the number of levels of this place that you have seen.
                   A       B       C       D       E      F
               +-------+-------+-------+-------+-------+----------------------
         Total | 100.0 | 100.0 |   N/A |   N/A | 100.0 |  60.7
       Dungeon | 100.0 | 100.0 |   N/A |   N/A | 100.0 |  60.7
               +-------+-------+-------+-------+-------+----------------------
